AoeStats
← Lord_Wilfredo

MegaRandom

508580381Analyzed
4v4 RM · 10d ago on Sep 23, 2026· 37m 47s· 8 players
Game mode
Random Map
Map size
Large (8 player)
Population
200
Speed
Normal
Resources
Standard
Victory
Conquest
Starting age
Dark Age
Ending age
Imperial Age
RankedLock teamsTeams togetherTeam positionsShared explorationLock speedFull tech treeHidden civsTurbo modeCheats
Victory
Defeat
🇦🇷 Spanish · Argentina
1316
+12
🇺🇸 Varangians · United States
1298
+13
🇺🇸 Portuguese · United States
1292
+14
🇻🇳 Huns · Vietnam
1290
+13
🇨🇦 Mongols · Canada
1299
-15
🇵🇦 Danes · Panama
1238
-13
🇵🇦 Franks · Panama
1221
-13
🇵🇦 Magyars · Panama
1183
-11
Vàng Ai Nấy Đào
4:46 Loom
9:22 Feudal Age
10:09 Double-Bit Axe
11:27 Wheelbarrow
11:55 Fletching
11:58 Town Watch
12:55 Horse Collar
20:35 Castle Age
19:10 Padded Archer Armor
21:59 Bow Saw
22:09 Bodkin Arrow
23:28 Heavy Plow
25:06 Bloodlines
24:59 Husbandry
29:22 Gold Mining
32:51 Leather Archer Armor
34:58 Ballistics
34:45 Thumb Ring
Shane Pizza
10:40 Feudal Age
9:13 Loom
11:24 Double-Bit Axe
17:02 Castle Age
17:16 Fletching
18:43 Squires
18:54 Forging
18:34 Horse Collar
23:00 Wheelbarrow
25:03 Scale Mail Armor
28:22 Arson
29:22 Iron Casting
30:17 Gold Mining
30:38 Bow Saw
33:27 Gambesons
34:01 Chain Mail Armor
Toasty
0:32 Loom
10:32 Feudal Age
13:55 Fletching
18:06 Castle Age
16:01 Horse Collar
16:07 Double-Bit Axe
18:11 Crossbowman
21:28 Town Watch
21:51 Bodkin Arrow
22:45 Elite Skirmisher
25:25 Padded Archer Armor
30:06 Thumb Ring
30:50 Gold Mining
31:10 Stone Mining
32:16 Ballistics
33:32 Leather Archer Armor
36:49 Wheelbarrow
Lord_Wilfredo
0:33 Loom
9:57 Feudal Age
11:04 Double-Bit Axe
14:31 Wheelbarrow
15:37 Bloodlines
20:11 Scale Barding Armor
22:12 Castle Age
20:38 Horse Collar
21:23 Forging
25:44 Inquisition
25:51 Padded Archer Armor
25:56 Husbandry
28:29 Leather Archer Armor
31:38 Hand Cart
32:41 Ballistics
32:19 Town Watch
36:45 Imperial Age
34:46 Elite Skirmisher
35:31 Thumb Ring
37:16 Bow Saw
36:56 Elite Conquistador
38:10 Ring Archer Armor
OnlyFarms
0:37 Loom
10:36 Feudal Age
13:06 Double-Bit Axe
15:38 Bloodlines
23:26 Castle Age
22:00 Scale Barding Armor
23:26 Forging
23:58 Light Cavalry
28:13 Husbandry
34:27 Wheelbarrow
37:37 Iron Casting
37:03 Scale Mail Armor
36:54 Gambesons
TrueDisplay
0:39 Loom
9:52 Feudal Age
17:57 Castle Age
18:52 Fletching
19:22 Padded Archer Armor
20:40 Gold Mining
20:38 Double-Bit Axe
21:17 Bodkin Arrow
25:06 Ballistics
25:11 Leather Archer Armor
32:50 Imperial Age
31:38 Husbandry
31:54 Bloodlines
34:02 Parthian Tactics
33:40 Bracer
hlezcano91
5:07 Loom
8:35 Feudal Age
9:24 Double-Bit Axe
19:45 Castle Age
22:44 Bow Saw
26:58 Town Watch
31:46 Wheelbarrow
31:57 Scale Barding Armor
32:02 Forging
Chitreano
0:46 Loom
9:17 Feudal Age
19:20 Scale Barding Armor
19:31 Bloodlines
22:20 Horse Collar
22:31 Double-Bit Axe
28:23 Castle Age
31:15 Husbandry
34:40 Chain Barding Armor
36:59 Arson
Connection lost

Rejoining the realm…

Still unreachable

The connection could not be restored.

Session expired

The server has moved on; the page needs a fresh start.